 Dungeon Crawl Stone Soup version 0.19-a0-475-gfca3800 (webtiles) character file.

18 namelastname112 the Grave Robber (level 2, -3/15 HPs)
             Began as a Tengu Necromancer on June 4, 2016.
             Slain by a hobgoblin
             ... wielding a +0 club
              (4 damage)
             ... on level 1 of the Dungeon.
             The game lasted 00:00:49 (606 turns).

namelastname112 the Grave Robber (Tengu Necromancer) Turns: 606, Time: 00:00:50

Health: -3/15      AC:  2    Str:  8    XL:     2   Next: 66%
Magic:  0/6        EV: 13    Int: 15    God:
Gold:   0          SH:  0    Dex: 14    Spells: 2 memorised, 3 levels left

rFire  . . .     SeeInvis .     d - +0 short sword
rCold  . . .     Gourm    .     a - +0 robe
rNeg   . . .     Faith    .     (no shield)
rPois  .         Spirit   .     (helmet restricted)
rElec  .         Dismiss  .     (no cloak)
rCorr  .         Reflect  .     (no gloves)
SustAt .         Harm     .     (boots unavailable)
MR     .....                    (no amulet)
Stlth  ++........               (no ring)
                                (no ring)

@: very slightly contaminated, not resistant to hostile enchantments, unstealthy
A: beak, talons 3
a: no special abilities


You were on level 1 of the Dungeon.
You were not hungry.

You visited 1 branch of the dungeon, and saw 1 of its levels.

Inventory:

Hand Weapons
 d - a +0 short sword (weapon)
Armour
 a - a +0 robe (worn)
Scrolls
 e - a scroll of enchant armour {unknown}
 h - a scroll of remove curse {unknown}
 i - a scroll of noise {unknown}
 l - a scroll of teleportation {unknown}
Potions
 f - a potion of resistance {unknown}
 j - a potion of flight {unknown}
Books
 b - a book of Necromancy

   Spells                             Type                      Level
   a - Pain                           Necromancy                   1
   b - Animate Skeleton               Necromancy                   1
   c - Vampiric Draining              Necromancy                   3
   d - Regeneration                   Charms/Necromancy            3
   e - Animate Dead                   Necromancy                   4
   f - Control Undead                 Necromancy                   4
Comestibles
 c - 2 bread rations
 g - a meat ration
 k - 3 chunks of flesh


   Skills:
 + Level 0.2 Fighting
 + Level 2.4 Dodging
 - Level 2.0 Stealth
 + Level 2.2 Spellcasting
 * Level 4.8 Necromancy


You had 3 spell levels left.
You knew the following spells:

 Your Spells              Type           Power        Failure   Level  Hunger
a - Animate Skeleton      Necr           N/A          3%          1    #......
z - Pain                  Necr           ###.         3%          1    #......


Dungeon Overview and Level Annotations

Branches:
Dungeon (1/15)

Altars:


Innate Abilities, Weirdness & Mutations

You have a beak for a mouth.
You have claws for feet.


Message History

You take 1 damage, and have 3/15 hp.
You now have 2/6 mp.
Casting: Pain
Confirm with . or Enter, or press ? or * to list all spells.
Aiming: Pain
Press: ? - help, Shift-Dir - straight line, f/p - hobgoblin
Aim: a hobgoblin, wielding a club and wearing a plate armour (chance to defeat MR: 93%)
The hobgoblin convulses in agony!
The hobgoblin misses you.
You take 1 damage, and have 2/15 hp.
You now have 1/6 mp.
Casting: Pain
Confirm with . or Enter, or press ? or * to list all spells.
Aiming: Pain
Press: ? - help, Shift-Dir - straight line, f/p - hobgoblin
Aim: a hobgoblin, wielding a club and wearing a plate armour (lightly wounded, chance to defeat MR: 93%)
The hobgoblin convulses in agony!
You take 1 damage, and have 1/15 hp.
You now have 0/6 mp.
Unknown command.
You hit the hobgoblin. Your kick misses the hobgoblin.
The hobgoblin is severely wounded.
The hobgoblin hits you with a club.
You die...

....###### ....#
....############
....#..........#
....#..........#
....#..........#
....#..........#
....#....^.....####
...............g@.+
....#....[.....####
....##########†...#
##### #..!.# #
#....# # #......
##### #.......
....# #.......
....# .......


You could see a hobgoblin.

Vanquished Creatures
  An ooze (D:1)
  A bat (D:1)
  4 goblins (D:1)
  A hobgoblin (D:1)
  A giant newt (D:1)
  A kobold (D:1)
9 creatures vanquished.

Vanquished Creatures (collateral kills)
  An ooze (D:1)
1 creature vanquished.

Grand Total: 10 creatures vanquished

Notes
Turn   | Place    | Note
--------------------------------------------------------------
     0 | D:1      | namelastname112 the Tengu Necromancer began the quest for the Orb.
     0 | D:1      | Reached XP level 1. HP: 10/10 MP: 4/4
   160 | D:1      | Learned a level 1 spell: Animate Skeleton
   514 | D:1      | Reached XP level 2. HP: 15/15 MP: 4/6
   606 | D:1      | Slain by a hobgoblin

Vault maps used:
D:1:      tarquinn_simple_flora_water_e

Action                   || total
-------------------------++-------
Melee: Short sword       ||    23
       Peck              ||     5
       Kick              ||     3
 Cast: Pain              ||    15
       Animate Skeleton  ||     3
Armor: Robe              ||     2
Dodge: Dodged            ||    18
